 Dungeon Crawl Stone Soup version 0.31-a0-940-gdaa99269f9 (webtiles) character file.

Game seed: 13922322417182849633

99 Dittersdorf the Trooper (level 4, -1/29 HPs)
             Began as a Gargoyle Fighter on Oct 20, 2023.
             Killed from afar by an orc wizard (5 damage)
             ... with a magic dart
             ... on level 4 of the Dungeon.
             The game lasted 00:02:30 (1647 turns).

Dittersdorf the Trooper (Gargoyle Fighter)          Turns: 1647, Time: 00:02:31

Health: -1/29      AC: 10    Str: 22    XL:     4   Next: 72%
Magic:  4/4        EV:  6    Int:  8    God:
Gold:   94         SH:  0    Dex:  9    Spells: 3/3 levels left

rFire   . . .        a - +0 flail
rCold   . . .        c - +0 buckler
rNeg    + . .        b - +0 scale mail
rPois   ∞            (no helmet)
rElec   +            (no cloak)
rCorr   .            (no gloves)
SInv    .            (no boots)
Will    .....        j - amulet of reflection Stlth
                     (no ring)
HPRegen 0.24/turn    (no ring)
MPRegen 0.09/turn

%: reflection
@: confused, constricted
A: sickness immunity, AC +3, negative energy resistance 1, electricity
resistance, torment resistance 1, petrification resistance
a: no special abilities


You were on level 4 of the Dungeon.
You visited 1 branch of the dungeon, and saw 4 of its levels.

You collected 94 gold pieces.

Inventory:

Hand Weapons
 a - a +0 flail (weapon)
Armour
 b - a +0 scale mail (worn)
 c - a +0 buckler (worn)
 n - a +0 plate armour
Jewellery
 j - an amulet of reflection (around neck)
Scrolls
 f - a scroll of enchant armour
 l - a scroll of fog {unknown}
 p - 3 scrolls of teleportation
Potions
 d - a potion of might
 e - 3 potions of curing
 h - a potion of heal wounds
 i - a potion of mutation
 k - a potion of brilliance
 q - a potion of cancellation


   Skills:
 + Level 4.1 Fighting
 + Level 2.9 Maces & Flails
 + Level 4.0 Armour
 + Level 4.0 Shields


You had 3 spell levels left.
You didn't know any spells.
Your spell library was empty.

Dungeon Overview and Level Annotations

Branches:
Dungeon (4/15)
 Temple: D:4-7

Altars:

Shops:
D:1 =   D:3 (


Innate Abilities, Weirdness & Mutations

You are immune to sickness and miasma.
Your stone body is resilient. (AC +3)
You are immune to poison.
You resist negative energy. (rN+)
You are resistant to electric shocks. (rElec)
You are resistant to unholy torment.
You are immune to petrification.


Message History

You kill the orc wizard!
You hear some strange, mumbled words.
You are confused.
The ball python barely misses you. The ball python constricts you.
Your Armour skill increases to level 4!
Your Shields skill increases to level 4!
You bump into the rock wall.
The ball python bites you but does no damage.
The ball python constricts you. The orc hits you but does no damage.
You hear some strange, mumbled words.
A puff of flame appears from out of thin air!
The puff of flame hits you but does no damage.
The ball python bites you but does no damage.
The ball python constricts you.
You miss the orc. The orc hits you but does no damage.
The ball python barely misses you. The ball python constricts you.
You hear some strange, mumbled words.
A magic dart appears from out of thin air!
The magic dart hits you.
You bump into the rock wall.
The ball python bites you. The ball python constricts you.
The orc hits you with a +1 heavy morningstar.
Something hits you but does no damage.
You hit the orc.
The orc is heavily wounded.
The ball python bites you but does no damage.
The ball python constricts you. Something hits you.
The ball python bites you but does no damage.
The ball python constricts you.
The orc hits you with a +1 heavy morningstar!
* * * LOW HITPOINT WARNING * * *
You hit the orc.
You kill the orc!
The ball python bites you.
* * * LOW HITPOINT WARNING * * *
The ball python constricts you.
You hear some strange, mumbled words.
A magic dart appears from out of thin air!
The magic dart hits you.
You die...

..... ..# # ...##..#... #
#.......... ##..
.........# . ####..#
#...#....#
.######.##...###..##.....
##..#.....#...........#
..........####.)#S..###
>........# ##...@{..#
.........###....##......#
.............#.## .......
.......#....#### .......
.......#.#...# .......
.......###..># .......
...)...###....# ###....
...##...##....# ....
...#....#..#...#


You could see a ball python.

Vanquished Creatures
  An orc wizard (D:4)
  2 adders
  A shadow imp (D:4)
  A dart slug (D:1)
  An orc (D:4)
  3 bats
  5 endoplasms
  7 goblins
  7 hobgoblins
  3 quokkas
  2 ball pythons (D:1)
  2 frilled lizards (D:1)
  5 kobolds (D:1)
  6 rats
46 creatures vanquished.

Notes
Turn   | Place    | Note
-------+----------+-------------------------------------------
     0 | D:1      | Dittersdorf the Gargoyle Fighter began the quest for the
                  | Orb.
     0 | D:1      | Reached XP level 1. HP: 14/14 MP: 1/1
    54 | D:1      | Reached XP level 2. HP: 10/19 MP: 2/2
   249 | D:1      | Found Ytooka's Jewellery Emporium.
   404 | D:1      | Reached XP level 3. HP: 23/23 MP: 3/3
  1535 | D:3      | Found Oxorhari's Weapon Shop.
  1553 | D:3      | Reached XP level 4. HP: 20/29 MP: 4/4
  1595 | D:3      | You fall into a shaft and drop 1 floor!
  1647 | D:4      | Killed from afar by an orc wizard

Illustrated notes

Levels and vault maps discovered:
D:1:      amcnicky_arrival_abandoned_market, layout_rooms, serial_shops,
          nicolae_shop_pleasant_corner_grove, minmay_split_cup_large
D:2:      wander_river, layout_loops_corners, nrook_mini_vaults
D:3:      layout_loops_ring, mainiacjoe_overflow_boulevard, serial_shops,
          nicolae_shop_bloodbath_and_beyond, ebering_ghost_gozag,
          chequers_ecumenical_altar_island, gup_sewer_entry_bowl
D:4:      layout_cave_pools, serial_shops, nicolae_shop_tiny_real_fake_doors,
          hangedman_decor_push

Skill      XL: |  1  2  3  4 |
---------------+-------------+-----
Fighting       | 4 |  4.1
Armour         | 4 |  4.0
Shields        | 4 |  4.0
Maces & Flails | |  2.9

Action                     |  1- 3 |  4- 6 || total
---------------------------+-------+-------++-------
  Melee: Flail             |   146 |    31 ||   177
    Use: Scroll            |       |     9 ||     9
 Armour: Scale mail        |    83 |    31 ||   114
  Dodge: Dodged            |    61 |    13 ||    74
  Block: Buckler           |    43 |    16 ||    59

Table legend: (Time is in decaauts)
 A = Elapsed time spent in this place.
 B = Non-inter-level travel time spent in this place.
 C = Inter-level travel time spent in this place.
 D = Time resting spent in this place.
 E = Time spent auto-exploring this place.
 F = Levels seen in this place.
 G = Mean time per level.
                   A        B        C        D        E       F      G
               +--------+--------+--------+--------+--------+-----+--------+
         Total |   1720 |   1646 |     74 |     35 |   1173 |   4 |  430.0 |
       Dungeon |   1720 |   1646 |     74 |     35 |   1173 |   4 |  430.0 |
               +--------+--------+--------+--------+--------+-----+--------+

Top non-repeatable levels by time:
     D:2: 1038 daAuts
     D:1: 557 daAuts
     D:3: 69 daAuts
     D:4: 55 daAuts
